 Dungeon Crawl Stone Soup version 0.23-a0-550-g7de1f8e (webtiles) character file.

328291 aurelian the Imperceptible (level 21, -14/201 HPs)
             Began as a Naga Enchanter on Dec 9, 2018.
             Was the Champion of Dithmenos.
             Demolished by a white very ugly thing (53 damage)
             ... on level 15 of the Dungeon.
             The game lasted 03:33:12 (80895 turns).

aurelian the Imperceptible (Naga Enchanter)        Turns: 80895, Time: 03:33:13

Health: -14/201    AC: 25    Str: 12    XL:     21   Next: 69%
Magic:  32/36      EV:  9    Int: 29    God:    Dithmenos [******]
Gold:   1693       SH: 11    Dex: 11    Spells: 0/42 levels left

rFire    . . .     SeeInvis +   a - +3 short sword (speed)
rCold    . . .     Gourm    .   V - +0 shield
rNeg     + . .     Faith    +   n - +0 scale mail {MR+}
rPois    +         Spirit   .   G - +0 helmet "Aporchett" {Int+2 Slay+5}
rElec    .         Reflect  .   X - +2 cloak
rCorr    .         Harm     .   I - +2 pair of gloves
MR       +++..                  (no barding)
Stlth    ++++++++++             N - amulet of Yredelemnul's Envy {Faith rPois rN+ Int+2 Slay+4}
HPRegen  0.43/turn              K - ring of wizardry
MPRegen  0.25/turn              J - +6 ring of protection

@: wreathed by umbra, very slow
A: large, see invisible, deformed body, poison resistance, slowness 2, slow
metabolism 1, spit poison 1, constrict 1, AC +7
}: 2/15 runes: serpentine, barnacled
a: Spit Poison, Shadow Step, Shadow Form, Renounce Religion


You were on level 15 of the Dungeon.
You worshipped Dithmenos.
Dithmenos was exalted by your worship.
You were very hungry.

You visited 8 branches of the dungeon, and saw 39 of its levels.
You also visited: Sewer, Bailey, Ice Cave and Volcano.

You collected 5014 gold pieces.
You spent 3321 gold pieces at shops.

Inventory:

Hand Weapons
 a - a +3 short sword of speed (weapon)
   (You bought it in a shop on level 4 of the Dungeon)
 b - the +4 Maxwell's thermic engine {flame, freeze}
   (You took it off a deep elf death mage on level 3 of the Elven Halls)

   It has been specially enchanted to burn those struck by it, causing extra
   injury to most foes and up to half again as much damage against particularly
   susceptible opponents.
   Big, fiery blades are also staple armaments of hydra-hunters.
 D - a +0 fustibalus of flaming
   (You found it in a volcano)
Missiles
 f - 1515 stones (quivered)
 o - 5 throwing nets {!f}
Armour
 n - a +0 scale mail of magic resistance (worn)
   (You took it off an orc on level 15 of the Dungeon)
 t - the +1 cloak of the Barracuda {rElec rC- Int+4 Dex+6}
   (You found it on level 3 of the Elven Halls)

   It affects your intelligence (+4).
   It affects your dexterity (+6).
   It makes you vulnerable to cold.
   It insulates you from electricity.
 z - the +0 cloak of Sorcery {rElec}
   (You found it on level 3 of the Elven Halls)

   It insulates you from electricity.
 G - the +0 helmet "Aporchett" (worn) {Int+2 Slay+5}
   (You acquired it on level 9 of the Dungeon)

   It affects your intelligence (+2).
   It affects your accuracy and damage with ranged weapons and melee attacks
   (+5).
 I - a +2 pair of gloves (worn)
   (You found it on level 7 of the Dungeon)
 V - a +0 shield (worn)
   (You found it on level 3 of the Dungeon)
 X - a +2 cloak (worn)
   (You found it on level 2 of the Dungeon)
Magical Staves
 A - an uncursed staff of wizardry {!a}
   (You found it on level 3 of the Elven Halls)
Jewellery
 i - an uncursed ring of protection from fire
   (You bought it in a shop on level 2 of the Snake Pit)
 y - an uncursed ring of resist corrosion
   (You found it on level 15 of the Dungeon)
 J - a +6 ring of protection (right hand)
   (You took it off a deep elf death mage on level 3 of the Elven Halls)
 K - a ring of wizardry (left hand)
   (You found it on level 5 of the Lair of Beasts)
 N - the amulet of Yredelemnul's Envy (around neck) {Faith rPois rN+ Int+2 Slay+4}
   (You bought it in a shop on level 2 of the Orcish Mines)

   [amulet of faith]

   It allows you to gain divine favour quickly.
   It affects your intelligence (+2).
   It affects your accuracy and damage with ranged weapons and melee attacks
   (+4).
   It protects you from poison.
   It protects you from negative energy.
 Z - an uncursed ring of flight
   (You found it on level 5 of the Lair of Beasts)
Wands
 c - a wand of disintegration (48)
   (You found it on level 7 of the Dungeon)
 d - a wand of iceblast (5)
   (You found it on level 4 of the Shoals)
 u - a wand of paralysis (10)
   (You found it on level 3 of the Shoals)
 v - a wand of digging (7)
   (You found it on level 6 of the Lair of Beasts)
 x - a wand of acid (10)
   (You found it on level 2 of the Shoals)
 C - a wand of enslavement (17)
   (You found it on level 7 of the Dungeon)
 Y - a wand of scattershot (9)
   (You found it on level 3 of the Elven Halls)
Scrolls
 g - 9 scrolls of teleportation {@r4}
 h - 6 scrolls of enchant weapon
 j - a scroll of fear
 k - 3 scrolls of summoning
 s - 13 scrolls of remove curse {@r2}
 H - 5 scrolls of enchant armour
 O - a scroll of vulnerability {!r}
 P - 9 scrolls of fog
 R - 3 scrolls of amnesia
 S - 7 scrolls of identify {@r1}
Potions
 l - a potion of berserk rage
 m - a potion of resistance
 p - 2 potions of heal wounds {@q2}
 q - 4 potions of magic
 r - 20 potions of curing {@q1}
 w - 3 potions of might
 E - 3 potions of cancellation
 F - 3 potions of ambrosia
 L - 6 potions of agility
 T - 5 potions of haste {@q3}
 U - 9 potions of mutation {!q}
Miscellaneous
 M - 2 sacks of spiders
 Q - a lightning rod (4/4) {!a}
   (You found it in a bailey)
 W - a phantom mirror
Comestibles
 e - 55 rations {!d}


   Skills:
 + Level 15.3 Fighting
 - Level 12.0(12.1) Short Blades
 * Level 3.4(8.6) Long Blades
 - Level 7.0 Armour
 - Level 7.0 Dodging
 + Level 22.5 Stealth
 + Level 11.8 Shields
 - Level 11.0 Spellcasting
 + Level 16.0 Hexes
 - Level 5.0 Summonings
 - Level 2.0 Ice Magic
 - Level 3.0 Air Magic
 - Level 6.0 Poison Magic
 - Level 10.0 Invocations
 - Level 5.0 Evocations


You couldn't memorise any spells.
You knew the following spells:

 Your Spells              Type           Power        Failure   Level  Hunger
a - Corona                Hex            #######      0%          1    None
b - Poisonous Vapours     Pois/Air       #####.       1%          2    None
c - Confuse               Hex            #######.     1%          3    None
d - Tukima's Dance        Hex            #######.     1%          3    None
e - Regeneration          Chrm/Necr      ###.......   16%         3    None
f - Mephitic Cloud        Conj/Pois/Air  ####....     4%          3    None
g - Silence               Hex/Air        ######....   3%          5    ###....
h - Cause Fear            Hex            #######...   1%          4    None
i - Discord               Hex            #######...   43%         8    #######
j - Blink                 Tloc           N/A          9%          2    None
n - Summon Butterflies    Summ           #####...     1%          1    None
w - Summon Mana Viper     Hex/Summ       ######..     2%          5    ###....
x - Ensorcelled Hibernat  Hex/Ice        ######       1%          2    None

Your spell library contained the following spells:

 Spells                   Type           Power        Failure   Level  Hunger
 Sting                    Conj/Pois      ####         1%          1    None
 Summon Small Mammal      Summ           ####         1%          1    None
 Call Imp                 Summ           #####...     1%          2    None
 Slow                     Hex            #######.     1%          2    None
 Dazzling Spray           Conj/Hex       ######       1%          3    None
 Freeze                   Ice            ####         2%          1    None
 Call Canine Familiar     Summ           #####...     2%          3    None
 Shock                    Conj/Air       ###.         3%          1    None
 Swiftness                Chrm/Air       ###.....     4%          2    None
 Spider Form              Tmut/Pois      ####......   4%          3    None
 Animate Skeleton         Necr           N/A          6%          1    None
 Beastly Appendage        Tmut           ###...       6%          1    None
 Magic Dart               Conj           ###.         6%          1    None
 Pain                     Necr           ###.         6%          1    None
 Throw Frost              Conj/Ice       ###...       6%          2    None
 Recall                   Summ/Tloc      N/A          6%          3    None
 Yara's Violent Unravell  Hex/Tmut       ######....   6%          5    ###....
 Sticks to Snakes         Tmut           ###.....     9%          2    None
 Sublimation of Blood     Necr           ###.......   9%          2    None
 Static Discharge         Conj/Air       ###.....     9%          3    None
 Ozocubu's Armour         Chrm/Ice       ###.....     12%         3    None
 Summon Ice Beast         Ice/Summ       #####...     13%         4    None
 Conjure Flame            Conj/Fire      ###.....     16%         3    None
 Airstrike                Air            ####......   16%         4    None
 Ice Form                 Ice/Tmut       ###.....     34%         4    None
 Throw Icicle             Conj/Ice       ###.....     34%         4    None
 Venom Bolt               Conj/Pois      ####......   41%         5    ###....
 Animate Dead             Necr           N/A          45%         4    None
 Lightning Bolt           Conj/Air       ###.......   61%         5    ###....
 Blade Hands              Tmut           ###.......   80%         5    ###....
 Borgnjor's Vile Clutch   Necr/Erth      ###.......   80%         5    ###....
 Ozocubu's Refrigeration  Ice            ####......   97%         6    #####..
 Deflect Missiles         Chrm/Air       ###.......   98%         6    #####..
 Freezing Cloud           Conj/Ice/Air   ####......   98%         6    #####..
 Simulacrum               Ice/Necr       ###.......   99%         6    #####..
 Summon Hydra             Summ           #####.....   99%         7    ######.
 Death Channel            Necr           ###.......   100%        6    #####..
 Ring of Flames           Chrm/Fire      ###.......   100%        7    ######.
 Dragon's Call            Summ           #####.....   100%        9    #######


Dungeon Overview and Level Annotations

Branches:
Dungeon (15/15)            Temple (0/1) D:4            Lair (6/6) D:10
 Shoals (4/4) Lair:2        Snake (4/4) Lair:4        Slime (0/5) Lair:5
    Orc (2/2) D:10            Elf (3/3) Orc:2        Vaults (4/5) D:13
  Crypt (0/3) Vaults:3     Depths (1/5) D:15

Altars:
Ashenzari
Cheibriados
Dithmenos
Elyvilon
Fedhas
Hepliaklqana
Kikubaaqudgha
Makhleb
Nemelex Xobeh
Okawaru
Qazlal
Ru
Sif Muna
Trog
Uskayaw
Vehumet
Wu Jian
Xom
Yredelemnul
The Shining One
Jiyva

Shops:
D:4 *   Orc:2 *!%*(   Elf:1 }   Elf:2 :   Shoals:1 (   Snake:2 %:=:
Vaults:4 (?![

Annotations:
D:2 exclusion: downstairs
D:4 Sigmund
Lair:1 2 exclusions
Lair:4 3 runed doors, Voug's ghost, journeyman FeTm
Elf:2 5 runed doors
Vaults:1 2 runed doors, Eggoloja's ghost, adept DsTm; Violenta's ghost, adept DDFi
Vaults:2 Sojobo
Depths:1 1 runed door, exclusion: door


Innate Abilities, Weirdness & Mutations

You cannot wear boots.
Your serpentine skin is tough. (AC +7)
You have supernaturally acute eyesight. (SInv)
Armour fits poorly on your strangely shaped body.
Your system is resistant to poisons. (rPois)
You cover ground very slowly.
You have a slow metabolism.
You can spit poison.
You can use your snake-like lower body to constrict enemies.


Message History

Your shadow hits the ice dragon but does no damage.
The white very ugly thing barely misses you.
You barely miss the ice dragon.
The deep troll earth mage points at you and mumbles some strange words.
The wall shatters!
The blast of rock fragments hits you!
Unknown command.
You hit the ice dragon but do no damage.
The ice dragon bites you but does no damage.
The ice dragon barely misses you. You block the ice dragon's attack.
You puncture the ice dragon!
The white very ugly thing bites you but does no damage.
You hear a grinding noise.
Unknown command.
As you read the scroll of fear, it crumbles to dust.
You assume a fearsome visage.
The deep troll looks frightened!
The ice dragon looks frightened!
The white very ugly thing resists with some effort.
The deep troll earth mage looks frightened!
The deep troll looks frightened!
The white very ugly thing bites you. The white very ugly thing freezes you!!
* * * LOW HITPOINT WARNING * * *
An ice dragon, a very ugly thing and a deep troll come into view.
An ugly thing and a deep troll come into view.
A deep troll comes into view.
The white very ugly thing bites you but does no damage.
A deep troll earth mage comes into view.
The white ugly thing basks in the mutagenic energy from its kin and changes!
There is a staircase back to the Dungeon, spattered with blood here.
The white very ugly thing basks in the mutagenic energy from its kin and The white very ugly thing bites you.
* * * LOW HITPOINT WARNING * * *
The white very ugly thing freezes you!!
* * * LOW HITPOINT WARNING * * *
You climb upwards.
Welcome back to the Dungeon!
There is a staircase to the Depths, spattered with blood here.
Unknown command.
You blink.
The +5 plate armour of a volcano {*Corrode +Inv Int-4 Stlth+}.
There is something else lying underneath.
The floor, spattered with blood.
This square is wreathed by an umbra.
Unknown command.
Aim: a white very ugly thing (umbra, chance to defeat MR: 70%)
The white very ugly thing appears confused.
Your shadow mimicks your spell!
The white very ugly thing easily resists.
The white very ugly thing bites you!
* * * LOW HITPOINT WARNING * * *
The white very ugly thing freezes you!!!
You die...

.#..#..#..#..#..#..#..#...# #)#
..........................# #.#
.#..#..#..#..#..#..#..#..#####.#
...............................#
#########################.######
#.###.###........#
#..............###
####...#########
#.ā‰ˆ.@uā‰ˆ.#..# #...#...[..#
##.####.#### #..#...#
#ā‰ˆ.#.ā‰ˆ.# #......## ##.####>#
#..# ### #..#######


You could see a white very ugly thing (confused).

Vanquished Creatures
  Vashnia (Snake:4)
  A deep elf blademaster (Elf:3)
  2 liches
  2 deep elf master archers (Elf:3)
  Agnes (D:15)
  Kirke (Elf:1)
  Roxanne (Shoals:2)
  5 nagarajas
  3 fire giants (Vaults:4)
  5 deep elf sorcerers
  8 vault wardens
  4 entropy weavers
  9 ironheart preservers
  5 stone giants
  Nessos (D:15)
  6 deep elf demonologists
  2 very ugly things
  3 deep elf annihilators
  2 dire elephants
  The ghost of Imoczice the Bludgeoner, a journeyman DDFi of Makhleb (Shoals:2)
  10 deep elf death magi
  A crystal guardian (Vaults:3)
  4 ettins
  2 yaktaur captains
  5 merfolk impalers
  A deep elf high priest (Elf:3)
  2 merfolk javelineers
  5 fire dragons
  5 great orbs of eyes
  5 ogre magi
  13 naga warriors
  10 vault guards
  A rakshasa (Vaults:3)
  Fannar (Lair:1)
  8 hydras
  5 ice dragons
  3 catoblepae (Lair:6)
  8 centaur warriors
  6 anacondas
  A death knight (D:15)
  An alligator snapping turtle (Shoals:4)
  2 merfolk avatars (Shoals:2)
  9 dancing weapons
  6 merfolk aquamancers
  16 two-headed ogres
  5 soul eaters (Depths:1)
  5 shock serpents
  2 orc high priests
  5 death yaks (Lair:6)
  10 naga sharpshooters
  Sonja (D:13)
  6 deep elf knights
  A fire crab (shapeshifter) (Vaults:3)
  A fire crab (Shoals:1)
  3 skeletal warriors (Vaults:2)
  6 naga ritualists
  15 sea snakes
  3 unseen horrors
  10 deep elf archers
  A swamp dragon (shapeshifter) (Vaults:4)
  4 wizards
  6 harpies
  A phantasmal warrior (D:14)
  A golden dragon skeleton (Depths:1)
  3 necromancers
  An orb spider (shapeshifter) (Vaults:2)
  9 ironbrand convokers
  31 deep elf magi
  17 orc knights
  3 orc sorcerers
  15 manticores
  2 mana vipers (Snake:1)
  18 ugly things
  8 cyclopes
  An oklob plant (Lair:6)
  25 elephants
  2 wolf spiders
  9 salamanders
  11 fauns
  4 merfolk sirens
  3 ice statues (IceCv)
  A stone giant skeleton (Depths:1)
  34 black mambas
  A black mamba (shapeshifter) (Vaults:1)
  Joseph (D:8)
  9 vault sentinels
  5 water nymphs
  17 naga magi
  A gargoyle (D:14)
  6 guardian serpents
  15 spiny frogs
  3 rime drakes
  19 yaktaurs
  6 komodo dragons
  A human skeleton (Vaults:3)
  8 freezing wraiths
  9 ice devils (IceCv)
  3 tengu conjurers
  2 efreet
  A troll (shapeshifter) (D:15)
  6 wind drakes
  A polar bear (Lair:6)
  28 merfolk
  3 meliai (D:14)
  A polar bear (shapeshifter) (Vaults:2)
  15 trolls
  12 dream sheep
  7 hornets
  19 blink frogs
  7 snapping turtles
  An ettin zombie (Depths:1)
  12 slime creatures
  16 hippogriffs
  5 redbacks
  A shadow (D:15)
  6 water elementals
  59 yaks
  3 air elementals
  A fire elemental (Elf:3)
  14 spriggans
  8 wyverns
  6 basilisks
  A human (D:7)
  A vampire (D:12)
  4 hogs
  3 wraiths
  9 fire bats
  A golden eye (shapeshifter) (Vaults:1)
  2 hungry ghosts (D:15)
  8 vampire mosquitoes (D:13)
  24 nagas
  3 steam dragons (Volcano)
  An acid dragon (D:13)
  6 wargs
  2 soldier ants
  7 water moccasins
  2 ice beasts
  17 porcupines
  An eye of draining (D:13)
  64 orc warriors
  2 black bears
  A phantom (D:6)
  5 sky beasts
  An ettin simulacrum (Vaults:3)
  21 ogres
  4 wolves (Lair:2)
  14 boggarts
  29 centaurs
  24 crocodiles
  4 big kobolds
  A wyvern zombie (D:8)
  16 bullfrogs
  3 gnoll sergeants (D:6)
  2 wyvern skeletons
  8 scorpions
  3 human simulacra (Vaults:3)
  9 killer bees
  8 wights
  4 centaur zombies
  3 bullfrog zombies
  13 crimson imps
  2 draconian simulacra (IceCv)
  A quasit (D:9)
  12 hounds
  4 centaur skeletons
  4 jellies
  22 orc priests
  23 orc wizards
  2 bullfrog skeletons
  6 iguanas
  12 worker ants
  A spriggan simulacrum (IceCv)
  6 troll simulacra (IceCv)
  2 centaur simulacra
  A hound skeleton (D:6)
  A worker ant zombie (D:9)
  Robin (D:2)
  13 gnolls
  16 adders
  3 shadow imps
  7 oozes
  2 adder zombies (D:9)
  4 worms
  A dart slug (D:1)
  7 leopard geckos
  115 orcs
  13 bats
  8 giant cockroaches
  20 goblins
  18 hobgoblins
  8 jackals
  3 quokkas
  2 ball pythons (D:1)
  8 frilled lizards
  35 kobolds
  2 quokka zombies
  8 rats
  12 plants
1550 creatures vanquished.

Vanquished Creatures (collateral kills)
  Saint Roka (Vaults:3)
  2 vault wardens
  A nagaraja (Snake:4)
  A frost giant (Vaults:4)
  2 deep elf sorcerers (Elf:3)
  An ironheart preserver (Vaults:1)
  2 deep elf demonologists (Elf:3)
  3 deep elf annihilators (Elf:3)
  2 deep elf death magi (Elf:3)
  2 merfolk impalers
  A great orb of eyes (Vaults:1)
  An ogre mage (Vaults:1)
  An anaconda (Snake:3)
  3 two-headed ogres
  A satyr (Shoals:4)
  4 naga sharpshooters (Snake:4)
  A skeletal warrior (Vaults:2)
  A deep elf archer (Elf:3)
  A naga ritualist (Snake:3)
  3 deep elf magi (Elf:3)
  A faun (Shoals:1)
  2 salamanders
  3 merfolk sirens
  A black mamba (Snake:1)
  7 naga magi
  12 merfolk
  12 nagas
  3 orc warriors
  2 ogres (Vaults:1)
  A crocodile (Volcano)
  A gnoll sergeant (D:11)
  8 wights
  An orc wizard (D:6)
  3 orcs
  A kobold (D:10)
92 creatures vanquished.

Vanquished Creatures (others)
  2 deep elf magi
  17 dancing weapons
  A human (Elf:1)
  A hog (D:7)
  A hound (D:6)
  2 orcs (Elf:3)
  75 fungi
  44 plants
143 creatures vanquished.

Grand Total: 1785 creatures vanquished

Notes
Turn   | Place    | Note
-------+----------+-------------------------------------------
     0 | D:1      | aurelian the Naga Enchanter began the quest for the Orb.
     0 | D:1      | Reached XP level 1. HP: 15/15 MP: 3/3
   362 | D:1      | Reached XP level 2. HP: 22/22 MP: 5/5
   366 | D:1      | Learned a level 2 spell: Ensorcelled Hibernation
  1619 | D:2      | Reached XP level 3. HP: 28/28 MP: 6/6
  1891 | D:2      | Found a shadowy altar of Dithmenos.
  1906 | D:2      | Became a worshipper of Dithmenos the Shadowed
  1932 | D:2      | Reached skill level 5 in Stealth
  2303 | D:2      | Noticed Robin
  2314 | D:2      | Killed Robin
  2335 | D:1      | Reached XP level 4. HP: 25/36 MP: 0/7
  3085 | D:2      | Reached skill level 1 in Ice Magic
  3740 | D:3      | Reached * piety under Dithmenos
  3782 | D:3      | HP: 1/36 [orc/tomahawk of returning (2)]
  4245 | D:3      | Reached XP level 5. HP: 41/42 MP: 8/8
  4250 | D:3      | Learned a level 3 spell: Confuse
  4254 | D:3      | Learned a level 3 spell: Tukima's Dance
  4592 | D:3      | Found a hazy altar of Hepliaklqana.
  4761 | D:3      | Noticed an ogre
  4768 | D:3      | Killed an ogre
  4768 | D:3      | Reached XP level 6. HP: 48/49 MP: 1/10
  5057 | D:4      | Reached skill level 1 in Invocations
  5211 | D:4      | Noticed Sigmund
  5326 | D:4      | Identified the Guide on Icy Sinister Arts
  5495 | D:4      | Reached skill level 6 in Stealth
  5495 | D:4      | Reached skill level 1 in Shields
  5682 | D:4      | Reached XP level 7. HP: 55/55 MP: 8/11
  5727 | D:4      | Reached skill level 5 in Hexes
  5966 | D:4      | Found a staircase to the Ecumenical Temple.
  6020 | D:4      | Found Maculeh's General Store.
  6236 | D:5      | Entered Level 5 of the Dungeon
  6303 | D:5      | Found a glowing drain.
  6331 | Sewer    | Entered a sewer
  6386 | Sewer    | Reached ** piety under Dithmenos
  7066 | D:5      | You fall through a shaft for 2 floors!
  7494 | D:6      | Reached XP level 8. HP: 25/63 MP: 7/13
  7510 | D:6      | Reached skill level 1 in Fighting
  7833 | D:6      | Reached skill level 7 in Stealth
  8502 | D:5      | Found a blossoming altar of Fedhas.
  9674 | D:4      | Bought a +3 short sword of speed for 286 gold pieces
  9843 | D:6      | Found a deep blue altar of Sif Muna.
  9845 | D:6      | Found a burning altar of Makhleb.
  9846 | D:6      | Found a radiant altar of Vehumet.
 10438 | D:6      | Reached *** piety under Dithmenos
 10456 | D:6      | Reached XP level 9. HP: 60/74 MP: 12/15
 10467 | D:6      | Reached skill level 8 in Stealth
 11740 | D:6      | Reached **** piety under Dithmenos
 12089 | D:7      | Found an ornate altar of the Wu Jian Council.
 12102 | D:7      | Reached skill level 5 in Short Blades
 12256 | D:7      | Reached skill level 9 in Stealth
 12256 | D:7      | Reached skill level 5 in Spellcasting
 12315 | D:7      | Found a shattered altar of Ashenzari.
 12371 | D:7      | Noticed a hornet
 12375 | D:7      | Killed a hornet
 12375 | D:7      | Reached skill level 5 in Invocations
 12385 | D:7      | Reached XP level 10. HP: 85/85 MP: 9/17
 12433 | D:7      | Found a sacrificial altar of Ru.
 12885 | D:8      | Found a sparkling altar of Nemelex Xobeh.
 13155 | D:8      | Found a shimmering altar of Xom.
 13158 | D:8      | Found a hide-covered altar of Uskayaw.
 13164 | D:8      | Found a glowing golden altar of the Shining One.
 13218 | D:8      | Found a snail-covered altar of Cheibriados.
 13693 | D:8      | Noticed Joseph
 13733 | D:8      | Killed Joseph
 13958 | D:8      | Reached skill level 10 in Stealth
 14554 | D:9      | Found a flagged portal.
 14568 | Bailey   | Entered a bailey
 14914 | Bailey   | Reached skill level 5 in Fighting
 14918 | Bailey   | Reached ***** piety under Dithmenos
 15371 | D:9      | Reached XP level 11. HP: 96/96 MP: 11/20
 15663 | D:9      | Found a bloodstained altar of Trog.
 15767 | D:9      | Reached skill level 5 in Shields
 15838 | D:9      | Found a stormy altar of Qazlal.
 16018 | D:10     | Entered Level 10 of the Dungeon
 16229 | D:9      | Identified a scroll of acquirement
 16232 | D:9      | Got a warped helmet
 16243 | D:9      | Identified the +0 helmet "Aporchett" {Int+2 Slay+5} (You
                  | acquired it on level 9 of the Dungeon)
 16296 | D:10     | Found a staircase to the Lair.
 16867 | D:10     | Found a staircase to the Orcish Mines.
 16869 | D:10     | Noticed a two-headed ogre
 16922 | D:9      | Killed a two-headed ogre
 16922 | D:9      | Reached skill level 11 in Stealth
 17824 | D:10     | Noticed an unseen horror
 17833 | D:10     | Killed an unseen horror
 17904 | Lair:1   | Entered Level 1 of the Lair of Beasts
 17943 | D:10     | Learned a level 2 spell: Poisonous Vapours
 17974 | Lair:1   | Reached skill level 1 in Poison Magic
 18144 | Lair:1   | Noticed Fannar
 18195 | Lair:1   | Killed Fannar
 18195 | Lair:1   | Reached skill level 12 in Stealth
 18195 | Lair:1   | Reached XP level 12. HP: 91/106 MP: 18/22
 18198 | Lair:1   | Noticed a six-headed hydra
 18207 | Lair:1   | Killed a six-headed hydra
 18209 | Lair:1   | Found a frozen archway.
 18244 | IceCv    | Entered an ice cave
 21859 | Lair:2   | Reached skill level 1 in Air Magic
 22198 | Lair:2   | Reached skill level 1 in Armour
 22244 | Lair:2   | Reached skill level 13 in Stealth
 22535 | Lair:2   | Gained mutation: You can use your snake-like lower body to
                  | constrict enemies. [Naga growth]
 22535 | Lair:2   | Reached XP level 13. HP: 109/116 MP: 11/24
 22703 | Lair:2   | Found a staircase to the Shoals.
 22804 | Lair:2   | Reached skill level 5 in Poison Magic
 23347 | Lair:3   | Found a white marble altar of Elyvilon.
 25000 | Lair:4   | Learned a level 3 spell: Mephitic Cloud
 25359 | Lair:4   | Noticed a dire elephant
 25896 | Lair:4   | Found a staircase to the Snake Pit.
 26826 | Lair:5   | Reached skill level 10 in Hexes
 26921 | Lair:5   | Found a viscous altar of Jiyva.
 26921 | Lair:5   | Found a staircase to the Slime Pits.
 26969 | Lair:5   | Reached skill level 14 in Stealth
 27037 | Lair:5   | Reached ****** piety under Dithmenos
 27071 | Lair:5   | Reached XP level 14. HP: 127/127 MP: 15/26
 27915 | Lair:6   | Entered Level 6 of the Lair of Beasts
 31939 | D:12     | Reached skill level 10 in Short Blades
 31951 | D:12     | Reached skill level 15 in Stealth
 33686 | D:13     | Reached XP level 15. HP: 103/136 MP: 13/28
 33872 | D:13     | Noticed Sonja
 33905 | D:13     | Killed Sonja
 35074 | D:13     | Found a gate to the Vaults.
 35405 | D:14     | Identified the +5 plate armour of a volcano {*Corrode +Inv
                  | Int-4 Stlth+}
 35962 | D:14     | Reached skill level 10 in Fighting
 36136 | D:14     | Identified the +1 falchion of the Traitor {slice, rN+ MR-
                  | Int+6} (You found it on level 14 of the Dungeon)
 36211 | D:15     | Entered Level 15 of the Dungeon
 36369 | D:15     | Reached skill level 10 in Spellcasting
 36640 | D:15     | Found an iron altar of Okawaru.
 36915 | D:15     | Noticed Nessos
 36936 | D:15     | Killed Nessos
 36936 | D:15     | Reached skill level 16 in Stealth
 37921 | D:15     | Noticed Agnes
 37930 | D:15     | Killed Agnes
 38056 | D:15     | Found a staircase to the Depths.
 38678 | Lair:4   | Found a runed gate.
 38680 | Lair:4   | Found a runed gate.
 38680 | Lair:4   | Found a runed gate.
 38680 | Lair:4   | Found a viscous altar of Jiyva.
 38680 | Lair:4   | Noticed Voug's ghost (journeyman FeTm)
 39301 | Lair:6   | Reached XP level 16. HP: 140/148 MP: 28/30
 40487 | Lair:6   | Learned a level 1 spell: Summon Butterflies
 40493 | Lair:6   | Learned a level 5 spell: Summon Mana Viper
 40497 | Lair:6   | Learned a level 3 spell: Regeneration
 40897 | Orc:1    | Entered Level 1 of the Orcish Mines
 40924 | Orc:1    | Found a dark tunnel.
 41193 | Volcano  | Entered a volcano
 41540 | Volcano  | Reached skill level 1 in Summonings
 42220 | Orc:2    | Entered Level 2 of the Orcish Mines
 42514 | Orc:2    | Found a staircase to the Elven Halls.
 42788 | Orc:2    | Reached skill level 17 in Stealth
 43209 | Orc:2    | Found Esueg's Weapon Boutique.
 43350 | Orc:2    | Found Hetag's Food Shop.
 43350 | Orc:2    | Found Covupsuo's Distillery.
 43352 | Orc:2    | Found Gouqesho's Assorted Antiques.
 43354 | Orc:2    | Found Kukunen's General Store.
 43361 | Orc:2    | Bought a clouded crystal amulet for 175 gold pieces
 43361 | Orc:2    | Identified the amulet of Yredelemnul's Envy {Faith rPois
                  | rN+ Int+2 Slay+4} (You bought it in a shop on level 2 of
                  | the Orcish Mines)
 43374 | Orc:2    | Bought a potion of brilliance for 60 gold pieces
 43374 | Orc:2    | Bought a potion of mutation for 120 gold pieces
 43374 | Orc:2    | Bought a potion of agility for 60 gold pieces
 43374 | Orc:2    | Bought a potion of curing for 45 gold pieces
 43374 | Orc:2    | Bought 2 potions of mutation for 240 gold pieces
 43374 | Orc:2    | Bought a potion of agility for 60 gold pieces
 43374 | Orc:2    | Bought a potion of curing for 45 gold pieces
 43374 | Orc:2    | Bought 2 potions of curing for 90 gold pieces
 44009 | Snake:1  | Entered Level 1 of the Snake Pit
 45167 | Snake:1  | Reached skill level 5 in Armour
 46111 | Snake:2  | Found Riugraag's Food Shoppe.
 46121 | Snake:2  | Found Gosheon's Jewellery Emporium.
 46121 | Snake:2  | Found Jupa's Book Shoppe.
 46125 | Snake:2  | Found Iferoul's Book Emporium.
 46133 | Snake:2  | Bought a book of Enchantments for 1000 gold pieces
 46503 | Snake:3  | Reached XP level 17. HP: 157/157 MP: 31/31
 48548 | Snake:3  | Learned a level 5 spell: Silence
 48553 | Snake:3  | Learned a level 4 spell: Cause Fear
 48563 | Snake:4  | Entered Level 4 of the Snake Pit
 49419 | Snake:4  | Found Taxuh's Food Shop.
 49557 | Snake:4  | Noticed Vashnia
 50256 | Snake:4  | Killed Vashnia
 50712 | Snake:4  | Got a steaming plate armour
 50714 | Snake:4  | Identified the +7 plate armour "Suvyid" {rN++} (You found
                  | it on level 4 of the Snake Pit)
 51274 | Snake:4  | Reached skill level 18 in Stealth
 52279 | Snake:4  | Reached skill level 5 in Summonings
 52861 | Snake:4  | Reached skill level 5 in Dodging
 53580 | Snake:4  | Got a serpentine rune of Zot
 54181 | Shoals:1 | Entered Level 1 of the Shoals
 54498 | Shoals:1 | Reached XP level 18. HP: 154/168 MP: 31/33
 54741 | Shoals:1 | Found Edur's Antique Weapon Shop.
 54882 | Shoals:1 | Got a warped whip
 54883 | Shoals:1 | Identified the +5 whip of Qesmegau {flame, +Fly MP+9} (You
                  | found it on level 1 of the Shoals)
 57031 | Shoals:2 | Identified Roxanne's Tome of the Mountains
 57031 | Shoals:2 | Noticed Roxanne
 57376 | Shoals:2 | Found a runed door.
 57376 | Shoals:2 | Noticed Imoczice's ghost (journeyman DDFi)
 57381 | Shoals:2 | Killed Imoczice's ghost
 57473 | Shoals:2 | Killed Roxanne
 58917 | Shoals:4 | Entered Level 4 of the Shoals
 59369 | Shoals:4 | Identified Ovirgh's Reference Book on Nocuous Summoning
 59424 | Shoals:4 | Reached skill level 19 in Stealth
 60856 | Shoals:4 | Got a barnacled rune of Zot
 61389 | Shoals:4 | Reached skill level 10 in Invocations
 61891 | Vaults:1 | Entered Level 1 of the Vaults
 61944 | Vaults:1 | Reached XP level 19. HP: 103/177 MP: 34/34
 62556 | Vaults:1 | You fall through a shaft!
 63751 | Vaults:1 | Noticed Violenta's ghost (adept DDFi)
 63751 | Vaults:1 | Noticed Eggoloja's ghost (adept DsTm)
 63755 | Vaults:1 | Found a large runed door.
 63755 | Vaults:1 | Found a large runed door.
 64008 | Vaults:1 | Reached skill level 20 in Stealth
 65652 | Vaults:2 | Reached skill level 1 in Evocations
 65656 | Vaults:2 | Reached skill level 10 in Shields
 66341 | Vaults:2 | Identified the +5 flail "Wecuss" {holy, Dex+4} (You found
                  | it on level 2 of the Vaults)
 66585 | Vaults:2 | Reached XP level 20. HP: 91/189 MP: 31/35
 67239 | Vaults:2 | Noticed Sojobo
 67577 | Vaults:3 | Noticed Saint Roka
 67694 | Vaults:3 | Killed Saint Roka
 68913 | Vaults:3 | Reached skill level 21 in Stealth
 69534 | Vaults:3 | Reached skill level 15 in Hexes
 70082 | Vaults:3 | Reached skill level 5 in Evocations
 70778 | Vaults:3 | Found a staircase to the Crypt.
 70778 | Vaults:3 | Found an ancient bone altar of Kikubaaqudgha.
 70779 | Vaults:3 | Found a basalt altar of Yredelemnul.
 71047 | Vaults:4 | Found Nuheroet's Armour Shop.
 71121 | Vaults:4 | Found Dydwun's Magic Scroll Boutique.
 71128 | Vaults:4 | Bought a scroll of teleportation for 45 gold pieces
 71538 | Vaults:4 | Found Goecem's Distillery.
 71543 | Vaults:4 | Bought a potion of agility for 92 gold pieces
 71543 | Vaults:4 | Bought a potion of berserk rage for 115 gold pieces
 72274 | Vaults:4 | Found Tieroucw's Weapon Shop.
 72935 | Elf:1    | Entered Level 1 of the Elven Halls
 72935 | Elf:1    | Noticed Kirke
 72939 | Elf:1    | Killed Kirke
 73343 | Elf:1    | Learned a level 8 spell: Discord
 73573 | Elf:1    | Reached XP level 21. HP: 150/199 MP: 36/36
 73935 | Elf:1    | Found Sefi Losh's Gadget Emporium.
 73948 | Elf:1    | Bought a wand of digging (5) for 288 gold pieces
 75210 | Elf:2    | Found Qelim's Book Emporium.
 75218 | Elf:2    | Bought a book of Minor Magic for 300 gold pieces
 75221 | Elf:2    | Learned a level 2 spell: Blink
 75573 | Elf:2    | Found a huge runed gate.
 75573 | Elf:2    | Found a huge runed gate.
 75573 | Elf:2    | Found a huge runed gate.
 75573 | Elf:2    | Found a huge runed gate.
 75573 | Elf:2    | Found a huge runed gate.
 75583 | Elf:2    | Reached skill level 22 in Stealth
 75599 | Elf:2    | Got a transparent bardiche
 75609 | Elf:2    | Identified the +5 bardiche "Anuud" {chop, *Corrode MR++
                  | Int+2} (You found it on level 2 of the Elven Halls)
 75634 | Elf:3    | Entered Level 3 of the Elven Halls
 76142 | Elf:2    | Reached skill level 15 in Fighting
 77438 | Elf:3    | Identified the +5 hand axe "Seahorr" {antimagic, rF+ rC+
                  | Stlth+}
 77438 | Elf:3    | Identified the amulet "Zirchofiu" {MR++ Regen+ Stlth-}
 77632 | Elf:3    | Identified the +4 spear "Uteaga" {pierce, *Slow rPois MR++
                  | Str+4}
 77701 | Elf:3    | Identified the +9 war axe of Victory {pain, Int+3 Dex+3}
 78685 | Elf:3    | Reached skill level 1 in Long Blades
 79619 | Elf:3    | Identified the +1 cloak of the Barracuda {rElec rC- Int+4
                  | Dex+6} (You found it on level 3 of the Elven Halls)
 79629 | Elf:3    | Identified the +0 cloak of Sorcery {rElec} (You found it on
                  | level 3 of the Elven Halls)
 80088 | Snake:2  | Bought an uncursed ring of protection from fire for 300
                  | gold pieces
 80376 | Depths:1 | Entered Level 1 of the Depths
 80488 | Depths:1 | Found a runed door.
 80895 | D:15     | Demolished by a white very ugly thing

Vault maps used:
D:1:      dpeg_cavernosity, serial_rivers, chequers_serial_rivers_micro_c,
          chequers_serial_rivers_marsh, chequers_serial_rivers_micro_e,
          chequers_serial_rivers_micro_d, st_stairs_13
D:2:      nicolae_dithmenos_shadow_blocks, uniq_robin
D:3:      lemuel_round_altar, first_ration, minmay_guardbox
D:4:      minmay_temple_entry_antechambers, serial_shops, shop_fountains,
          kennysheep_generic_room_9, uniq_sigmund
D:5:      gup_sewer_entry_pipe, fedhas_altar_4
D:6:      kennysheep_housing_project,
          grunt_temple_overflow_lords_of_destruction, basic_altar
D:7:      lemuel_crystal_altar, lemuel_crystal_altar,
          nicolae_ru_great_annihilating_truth, minmay_misc_feat_pillars,
          grunt_livestock
D:8:      nicolae_overflow_quartered_altars, nemelex_xobeh_ov_fountains_minmay,
          uniq_joseph
D:9:      nicolae_qazlal_style_of_elements, kennysheep_mini_moat, enter_bailey_3
D:10:     minmay_lair_entry_grove, orc_david_3, item_on_display_a
D:13:     grunt_vaults_entry_fortified, uniq_sonja
D:14:     dk_noncrumbling_4
D:15:     hangedman_depths_entry_try_elsewhere_first, columned_hall_lemuel,
          okawaru_ov_weapons_minmay, uniq_agnes, uniq_nessos
Lair:1:   special_room, portal_ice_cave_rime, grunt_megastairs_4, uniq_fannar
Lair:2:   shoals_dummy_entry, grunt_megastairs_5
Lair:3:   basic_altar
Lair:4:   mu_elephants_graveyard, dummy_snake_entry, gammafunk_ghost_ooze,
          beast_lair_carwin_11
Lair:5:   kb_forest_paths, slime_altar_1, wad_woods_03
Lair:6:   evilmike_catoblepas_cave
Shoals:1: serial_shops, nicolae_shop_waterfront, hangedman_shoal_volcano
Shoals:2: ebering_ghost_inner_flame, uniq_roxanne
Shoals:4: shoals_end_simple
Snake:1:  serial_bayou_shore_b
Snake:2:  minmay_shoptagon
Snake:4:  snake_pit, serial_shops, shop, statue_in_the_mist_lemuel, uniq_vashnia
Orc:1:    nicolae_volcano_entry_lava_flow, nicolae_orc_pool_cavern
Orc:2:    st_orc_rangers, serial_shops, shop_statue
Elf:1:    serial_shops, shop, evilmike_minifort, uniq_kirke
Elf:2:    serial_shops, nicolae_shop_waterfront
Elf:3:    minmay_elf_hall_spiked, solitary_fountain
Vaults:1: advil_vaults_ghost_guards, hangedman_vaults_cutoff, vaults_room_boxed,
          v_misc_22, v_misc_18, hangedman_vaults_corner_blocks,
          vaults_room_guarded_vault, nicolae_vaults_network_square
Vaults:2: vaults_mumra_chevron, vaults_mumra_chevron_long, v_alt_pattern_5,
          vaults_room_fancy_cross, grunt_vaults_swirl, v_rooms_5,
          ontoclasm_vaults_loading_screen, grunt_vaults_trifunnel,
          ontoclasm_vaults_claustrophobia, nicolae_vaults_yaktaur_gun_rack,
          v_pattern_5, nicolae_vaults_little_squares_4, uniq_sojobo
Vaults:3: vaults_room_semicircle, v_misc_10, vaults_room_pools,
          nicolae_vaults_little_squares_4, st_lattice, vaults_room_fours,
          grunt_vaults_diagonal, hangedman_vaults_pinch, vaults_room_fours,
          ontoclasm_vaults_spin, nicolae_vaults_theta, vaults_standard_mumra_x,
          minmay_crypt_entry_necro_gods, uniq_saint_roka
Vaults:4: vaults_room_door_hall, nicolae_vaults_little_squares_2,
          nicolae_vaults_border_crossing, nicolae_vaults_network_barrier,
          ontoclasm_vaults_ring_square, ontoclasm_vaults_pinch,
          vaults_dpeg_diagonal, vaults_room_corners,
          nicolae_vaults_little_squares_6, dpeg_vaults_monster_box,
          serial_shops, shop_statue, shop, shop, shop
Depths:1: evilmike_wizard_prison, glass_columns_a, hell_entry, minivault_16,
          hangedman_decor_points, minmay_tree_intersection, guppyfry_shop_earth,
          serial_bayou_shore_b
Sewer:    sewer_fruit_machine
Bailey:   bailey_axe_4, bailey
IceCv:    ice_cave_tombish
Volcano:  pf_volcano_lost_world

Skill      XL: |  1  2  3  4  5  6  7  8  9 10 11 12 13 14 15 16 17 18 19 20 21 |
---------------+----------------------------------------------------------------+-----
Stealth        | 5 6 7 9 10 12 13 14 15 16 17 18 19 20 21 22 | 22.5
Ice Magic      | 1 2 |  2.0
Hexes          | 4 5 6 7 8 9 10 11 12 13 14 15 16 | 16.0
Short Blades   | 2 3 4 5 6 7 8 9 10 11 12 | 12.0
Invocations    | 1 2 3 5 6 8 10 | 10.0
Spellcasting   | 3 4 5 6 7 8 9 10 11 | 11.0
Shields        | 1 2 3 4 5 6 7 8 9 10 11 | 11.8
Fighting       | 2 3 5 6 7 8 9 10 11 12 13 14 15 | 15.3
Poison Magic   | 1 4 6 |  6.0
Air Magic      | 1 3 |  3.0
Armour         | 1 3 4 5 6 7 |  7.0
Dodging        | 3 5 6 7 |  7.0
Summonings     | 3 5 |  5.0
Evocations     | 3 5 |  5.0
Long Blades    | 3 |  3.4

Action                   |  1- 3 |  4- 6 |  7- 9 | 10-12 | 13-15 | 16-18 | 19-21 || total
-------------------------+-------+-------+-------+-------+-------+-------+-------++-------
Melee: Dagger            |    29 |   100 |   229 |    43 |       |       |       ||   401
       Short sword       |       |       |   176 |   778 |  1418 |  2233 |  1805 ||  6410
       Constrict         |       |       |       |       |   174 |   324 |   209 ||   707
       Hand axe          |       |       |       |       |     5 |       |       ||     5
       Scimitar          |       |       |       |       |    32 |    33 |     3 ||    68
Throw: Stone             |       |       |       |     6 |     1 |     1 |       ||     8
 Cast: Corona            |     5 |     2 |     1 |       |       |       |       ||     8
       Ensorcelled Hiber |     4 |    64 |    85 |   157 |   109 |    19 |    30 ||   468
       Confuse           |       |       |    18 |    35 |    53 |     5 |    15 ||   126
       Tukima's Dance    |       |       |       |    18 |    18 |   114 |    34 ||   184
       Poisonous Vapours |       |       |       |     5 |   244 |    54 |     6 ||   309
       Summon Mana Viper |       |       |       |       |       |    26 |    50 ||    76
       Regeneration      |       |       |       |       |       |     1 |     1 ||     2
       Cause Fear        |       |       |       |       |       |     4 |     1 ||     5
       Silence           |       |       |       |       |       |     1 |       ||     1
       Blink             |       |       |       |       |       |       |     2 ||     2
       Mephitic Cloud    |       |       |       |       |       |       |     1 ||     1
Invok: Shadow Step       |       |       |       |     3 |     2 |       |     5 ||    10
       Shadow Form       |       |       |       |       |       |     1 |     1 ||     2
 Abil: Spit Poison       |    22 |    18 |    14 |    10 |     2 |       |       ||    66
       Evoke Berserk Rag |       |       |       |     1 |     2 |       |       ||     3
Evoke: Wand              |       |       |     9 |    11 |     3 |     2 |       ||    25
  Use: Scroll            |     4 |     2 |    10 |    12 |    10 |    15 |    20 ||    73
       Potion            |       |     2 |     4 |     5 |     1 |     6 |     6 ||    24
 Stab: Sleeping          |     7 |    31 |    68 |   114 |    98 |    87 |   125 ||   530
       Confused          |       |       |     3 |    19 |    35 |     3 |    18 ||    78
       Distracted        |       |       |     2 |     2 |     3 |    26 |    13 ||    46
       Paralysed         |       |       |       |     1 |       |       |       ||     1
       Invisible         |       |       |       |       |       |     8 |       ||     8
  Eat: Chunk             |     4 |    14 |    15 |    18 |    38 |    34 |    37 ||   160
       Ration            |       |       |     2 |     3 |     2 |     8 |     4 ||    19
Armor: Robe              |     9 |    64 |   122 |    73 |       |       |       ||   268
       Troll leather arm |       |       |       |    86 |       |       |       ||    86
       Scale mail        |       |       |       |    15 |   420 |   490 |   346 ||  1271
       Skin              |       |       |       |     1 |       |       |       ||     1
       Chain mail        |       |       |       |       |       |    13 |       ||    13
Dodge: Dodged            |    23 |    99 |   243 |   234 |   242 |   310 |   251 ||  1402
Block: Shield            |       |       |    64 |   284 |   460 |   525 |   382 ||  1715
       Rpst.: Scimitar   |       |       |       |       |     1 |     4 |     1 ||     6

Table legend:
 A = Non-vault XP
 B = Vault XP
 C = Vault XP percentage of total XP
 D = Non-vault monster count
 E = Vault monster count
 F = Vault count percentage of total count
                 A         B        C        D         E       F
            +---------+---------+-------+---------+---------+-------
      Total |  316281 |  246948 |  43.8 |    1041 |     590 |  36.2
            +---------+---------+-------+---------+---------+-------
        D:1 |      21 |      13 |  38.2 |      12 |       7 |  36.8
        D:2 |      50 |      37 |  42.5 |      16 |      11 |  40.7
        D:3 |     180 |      20 |  10.0 |      22 |       8 |  26.7
        D:4 |     492 |       0 |   0.0 |      17 |       0 |   0.0
        D:5 |     242 |      13 |   5.1 |      14 |       5 |  26.3
        D:6 |    1654 |    1118 |  40.3 |      40 |      30 |  42.9
        D:7 |     985 |     839 |  46.0 |      15 |       8 |  34.8
        D:8 |    1424 |     455 |  24.2 |      22 |       1 |   4.3
        D:9 |    2903 |      99 |   3.3 |      32 |       5 |  13.5
       D:10 |    2680 |    2017 |  42.9 |      32 |      18 |  36.0
       D:11 |    2809 |       0 |   0.0 |      30 |       0 |   0.0
       D:12 |    5403 |       0 |   0.0 |      31 |       0 |   0.0
       D:13 |    7498 |    7244 |  49.1 |      38 |      11 |  22.4
       D:14 |    7164 |       0 |   0.0 |      31 |       0 |   0.0
       D:15 |   14835 |    6162 |  29.3 |      44 |       6 |  12.0
     Lair:1 |    2585 |    3177 |  55.1 |       8 |       9 |  52.9
     Lair:2 |    6027 |     145 |   2.3 |      28 |       1 |   3.4
     Lair:3 |    4525 |       0 |   0.0 |      14 |       0 |   0.0
     Lair:4 |    4036 |   10340 |  71.9 |      19 |      24 |  55.8
     Lair:5 |    5568 |    3921 |  41.3 |      22 |      20 |  47.6
     Lair:6 |   18610 |   11015 |  37.2 |      57 |      24 |  29.6
   Shoals:1 |   10347 |    2674 |  20.5 |      27 |       9 |  25.0
   Shoals:2 |   14728 |    3710 |  20.1 |      33 |       3 |   8.3
   Shoals:3 |    9767 |       0 |   0.0 |      23 |       0 |   0.0
   Shoals:4 |    7935 |   22556 |  74.0 |      17 |      41 |  70.7
    Snake:1 |   15791 |       0 |   0.0 |      32 |       0 |   0.0
    Snake:2 |    4454 |       0 |   0.0 |       9 |       0 |   0.0
    Snake:3 |   20034 |    1914 |   8.7 |      44 |       2 |   4.3
    Snake:4 |   12037 |   25760 |  68.2 |      28 |      43 |  60.6
      Orc:1 |    3891 |       0 |   0.0 |      41 |       0 |   0.0
      Orc:2 |    2438 |    4590 |  65.3 |      19 |      37 |  66.1
      Elf:1 |   10237 |    2463 |  19.4 |      15 |       2 |  11.8
      Elf:2 |    9387 |    1772 |  15.9 |      17 |       2 |  10.5
      Elf:3 |   11090 |   31849 |  74.2 |      22 |      28 |  56.0
   Vaults:1 |   20744 |   25261 |  54.9 |      49 |      33 |  40.2
   Vaults:2 |   26135 |   20683 |  44.2 |      41 |      36 |  46.8
   Vaults:3 |   33145 |   20120 |  37.8 |      63 |      36 |  36.4
   Vaults:4 |    6071 |   19668 |  76.4 |       7 |      27 |  79.4
   Depths:1 |    8359 |    4062 |  32.7 |      10 |       5 |  33.3
      Sewer |       0 |      78 | 100.0 |       0 |      22 | 100.0
     Bailey |       0 |     966 | 100.0 |       0 |      26 | 100.0
      IceCv |       0 |    5309 | 100.0 |       0 |      23 | 100.0
    Volcano |       0 |    6898 | 100.0 |       0 |      27 | 100.0
            +---------+---------+-------+---------+---------+-------
